 Dungeon Crawl Stone Soup version 0.25-a0-589-g1e14c549ee (webtiles) character file.

Game seed: 3404014263061163159, levelgen mode: deterministic

3707 Eurus the Destroyer (level 9, 0/68 HPs)
             Began as a Mummy Conjurer on Mar 11, 2020.
             Was a Follower of Ashenzari.
             Slain by Harold
             ... wielding a +1 vorpal glaive
              (20 damage)
             ... on level 8 of the Dungeon.
             The game lasted 00:24:00 (10850 turns).

Eurus the Destroyer (Mummy Conjurer)               Turns: 10850, Time: 00:24:00

Health: 0/68       AC:  4    Str: 11    XL:     9   Next: 91%
Magic:  14/21      EV: 12    Int: 17    God:    Ashenzari [*.....]
Gold:   574        SH:  7    Dex: 13    Spells: 17/24 levels left

rFire    x . .     SeeInvis .   f - +4 short sword (venom)
rCold    + . .     Gourm    .   o - +2 buckler (curse)
rNeg     + + +     Faith    .   b - +0 robe (curse)
rPois    ∞         Spirit   .   (no helmet)
rElec    .         Reflect  .   (no cloak)
rCorr    .         Harm     .   (no gloves)
MR       +....                  s - +0 pair of boots
Stlth    ++........             (no amulet)
HPRegen  0.21/turn              e - +1 ring of protection
MPRegen  0.17/turn              v - ring of flight

@: no status effects
A: no food or potions, fire vulnerability, cold resistance 1, negative energy
resistance 3, torment resistance, unbreathing
a: Curse Item, Scrying, Renounce Religion, Evoke Flight


You were on level 8 of the Dungeon.
You worshipped Ashenzari.
Ashenzari was aware of your devotion.
You were not hungry.

You visited 2 branches of the dungeon, and saw 9 of its levels.
You also visited: Sewer.

You collected 574 gold pieces.

Inventory:

Hand Weapons
 f - a +4 short sword of venom (weapon)
Armour
 a - a +0 robe
 b - a cursed +0 robe (worn)
 i - a cursed +0 leather armour
 m - a +0 tower shield
 o - a cursed +2 buckler (worn)
 p - a +0 leather armour
 s - a +0 pair of boots (worn)
Jewellery
 e - a +1 ring of protection (left hand)
 g - an uncursed ring of fire
 v - a ring of flight (right hand)
Wands
 j - a wand of digging (6)
 n - a wand of flame (12)
 q - a wand of paralysis (6)
 t - a wand of polymorph (7)
 w - a wand of clouds (3)
Scrolls
 c - 10 scrolls of identify
 d - 8 scrolls of remove curse
 h - 5 scrolls of fear
 k - 2 scrolls of fog
 l - 3 scrolls of immolation
 r - a scroll of teleportation
 u - a scroll of holy word
 x - 2 scrolls of blinking


   Skills:
 - Level 5.1 Fighting
 + Level 1.8 Armour
 - Level 1.5 Dodging
 - Level 1.5 Stealth
 - Level 4.1 Shields
 + Level 8.2 Spellcasting
 * Level 8.5 Conjurations
 * Level 2.8 Translocations


You had 17 spell levels left.
You knew the following spells:

 Your Spells              Type           Power        Failure   Level  Hunger
a - Magic Dart            Conj           ####         1%          1    N/A
b - Searing Ray           Conj           #####.       1%          2    N/A
c - Iskenderun's Mystic   Conj/Tloc      ####....     10%         4    N/A

Your spell library contained the following spells:

 Spells                   Type           Power        Failure   Level  Hunger
 Dazzling Flash           Conj/Hex       ###...       5%          3    N/A
 Stone Arrow              Conj/Erth      ###...       5%          3    N/A
 Corpse Rot               Necr/Air       N/A          16%         2    N/A
 Sticks to Snakes         Tmut           #.......     16%         2    N/A
 Fulminant Prism          Conj/Hex       ###.......   19%         4    N/A
 Summon Forest            Summ/Tloc      ##........   85%         5    N/A
 Eringya's Noxious Bog    Tmut/Pois      #.........   100%        6    N/A
 Summon Hydra             Summ           #.........   100%        7    N/A
 Beastly Appendage        Tmut           Unusable     N/A         1    N/A
 Spider Form              Tmut/Pois      Unusable     N/A         3    N/A
 Ice Form                 Ice/Tmut       Unusable     N/A         4    N/A
 Blade Hands              Tmut           Unusable     N/A         5    N/A
 Hydra Form               Tmut           Unusable     N/A         6    N/A

Dungeon Overview and Level Annotations

Branches:
Dungeon (8/15)             Temple (1/1) D:5           Sewer (visited)
   Lair: D:8-11

Altars:
Ashenzari
Cheibriados
Dithmenos
Elyvilon
Fedhas
Gozag
Hepliaklqana
Kikubaaqudgha
Makhleb
Nemelex Xobeh
Okawaru
Qazlal
Ru
Sif Muna
Trog
Uskayaw
Vehumet
Wu Jian
Xom
Yredelemnul
Zin
The Shining One

Shops:
D:5 *   D:6 [   D:8 (

Annotations:
D:4 Edmund
D:5 1 runed translucent door, Veteran's ghost, novice DECj
D:8 Harold


Innate Abilities, Weirdness & Mutations

You do not eat or drink.
Your flesh is vulnerable to fire.
You are immune to poison.
Your flesh is cold resistant. (rC+)
You are immune to negative energy. (rN+++)
You are immune to unholy pain and torment.
You can survive without breathing.


Message History

Confirm with . or Enter, or press ? or * to list all spells.
Aiming: Searing Ray (safe; 1% risk of failure)
Press: ? - help, Shift-Dir - straight line, f/p - Harold
Aim: Harold, wielding a +1 vorpal glaive and wearing a +0 scale mail (lightly wounded)
The searing ray hits Harold but does no damage.
Harold is lightly wounded. (Press . to maintain the ray.) Unknown command.
The searing ray hits Harold.
Harold is lightly wounded.
Harold hits you with a +1 vorpal glaive!
* * * LOW HITPOINT WARNING * * *
The searing ray hits Harold.
Harold is moderately wounded.
Harold closely misses you.
The searing ray hits Harold!
Harold is moderately wounded.
You finish channeling your searing ray.
Harold hits you with a +1 vorpal glaive!!
You die...

##...# ##.. #∩'.........#))....
#....##.... ###...###.....##.#.
#........# #
#......###.....#.#. ...#.....#
#.#####...#.#.....####
(..##....###.............)..##
.(.....#..##.#...##..........#
#......#.....####............#
##......##...####.##....>....##
#...........###.@.#...........#
##...........#.@.............##
.......##..................###
.......(...#..##.....>.##.##
%.....##...#....#..........#
##..#.#.........##.....##..#
#...>..)..#.%.# ###....####
##...#..### ### #...# ######.#
##


You could see Harold.

Vanquished Creatures
  Pikel (D:6)
  A hippogriff (D:7)
  A spriggan (D:7)
  Eustachio (D:5)
  Sigmund (D:3)
  Menkaure (D:7)
  A water moccasin (D:6)
  2 phantoms
  An ice beast (D:6)
  4 ogres
  2 centaurs (D:5)
  4 big kobolds (Sewer)
  A gnoll sergeant (D:7)
  A bullfrog (D:7)
  4 scorpions
  4 howler monkeys
  2 crimson imps
  2 jellies
  An orc priest (D:4)
  4 orc wizards
  A gnoll shaman (D:8)
  3 hounds
  A bullfrog skeleton (D:5)
  4 worker ants
  2 iguanas
  Terence (D:3)
  A hound zombie (D:6)
  6 adders
  7 gnolls
  2 howler monkey skeletons
  2 river rats (Sewer)
  A shadow imp (D:6)
  2 oozes (Sewer)
  6 worms
  2 dart slugs (D:1)
  2 leopard geckos
  16 orcs
  8 ball pythons (Sewer)
  5 giant cockroaches
  6 goblins
  7 hobgoblins
  9 jackals
  4 quokkas
  5 bats
  A frilled lizard (D:1)
  14 kobolds
  A quokka skeleton (D:8)
  9 rats
167 creatures vanquished.

Notes
Turn   | Place    | Note
-------+----------+-------------------------------------------
     0 | D:1      | Eurus the Mummy Conjurer began the quest for the Orb.
     0 | D:1      | Reached XP level 1. HP: 13/13 MP: 4/4
   354 | D:1      | Reached XP level 2. HP: 19/19 MP: 3/6
   416 | D:1      | Learned a level 2 spell: Searing Ray
   971 | D:1      | Reached XP level 3. HP: 24/24 MP: 3/7
  1663 | D:3      | Reached XP level 4. HP: 30/30 MP: 2/9
  1990 | D:3      | Noticed Sigmund
  2044 | D:3      | Noticed Terence
  2058 | D:3      | HP: 1/30 [goblin (3)]
  2070 | D:3      | Killed Terence
  2459 | D:3      | Killed Sigmund
  2459 | D:3      | Reached skill level 1 in Fighting
  2459 | D:3      | Reached skill level 1 in Shields
  2459 | D:3      | Reached skill level 5 in Conjurations
  2459 | D:3      | Reached XP level 5. HP: 4/37 MP: 2/11
  3012 | D:3      | Reached XP level 6. HP: 43/43 MP: 9/12
  3595 | D:4      | Reached skill level 5 in Spellcasting
  3684 | D:4      | Noticed Edmund
  4013 | D:5      | Entered Level 5 of the Dungeon
  4029 | D:5      | Reached XP level 7. HP: 46/51 MP: 5/14
  4108 | D:5      | Found a stormy altar of Qazlal.
  4145 | D:5      | Noticed Eustachio
  4471 | D:5      | Killed Eustachio
  4724 | D:5      | Found a staircase to the Ecumenical Temple.
  4761 | D:5      | Reached XP level 8. HP: 4/58 MP: 6/16
  5484 | D:5      | Found a runed translucent door.
  5487 | D:5      | Noticed Veteran's ghost (novice DECj)
  5545 | D:5      | Found Kiafos's Assorted Antiques.
  5760 | D:6      | Found a glowing drain.
  5769 | Sewer    | Entered a sewer
  6915 | D:6      | Found a sacrificial altar of Ru.
  6952 | Temple   | Entered the Ecumenical Temple
  7169 | Temple   | Became a worshipper of Ashenzari the Shackled
  7298 | D:6      | Found Alettiot's Armour Shop.
  7566 | D:6      | Found a shadowy altar of Dithmenos.
  7591 | D:6      | Reached XP level 9. HP: 58/66 MP: 11/19
  8852 | D:7      | Reached skill level 5 in Fighting
  9192 | D:7      | Learned a level 4 spell: Iskenderun's Mystic Blast
  9364 | D:7      | Noticed Menkaure
  9380 | D:7      | Killed Menkaure
  9447 | D:7      | Reached skill level 1 in Translocations
  9743 | D:7      | Noticed Pikel
  9809 | D:6      | Killed Pikel
  9809 | D:6      | Reached skill level 1 in Armour
 10281 | D:7      | Found a snail-covered altar of Cheibriados.
 10357 | D:8      | Noticed Harold
 10600 | D:8      | Reached * piety under Ashenzari
 10827 | D:8      | Found Hailini's Antique Weapon Boutique.
 10850 | D:8      | Slain by Harold

Levels and vault maps discovered:
D:1:      scummos_arrival_simple_crosswalls, layout_rooms
D:2:      layout_rooms
D:3:      layout_loops_ring, uniq_sigmund, uniq_terence
D:4:      layout_rooms, first_ration, uniq_edmund
D:5:      layout_basic, nicolae_qazlal_general_emergency,
          minmay_temple_entry_from_below_a, ebering_ghost_inner_flame,
          serial_shops, shop, uniq_eustachio
D:6:      layout_rooms, nicolae_ru_great_annihilating_truth,
          grunt_dithmenos_smoke_and_mirrors, cheibrodos_sewer_entry_drain,
          serial_shops, shop, kennysheep_generic_room_6
D:7:      layout_cave_pods, nicolae_overflow_hidden_temple, the_bakery,
          uniq_menkaure, uniq_pikel
D:8:      minmay_the_grid_triangle_9x9_recursive_2
          [minmay_the_grid_triangle_9x9_prize_center,
          minmay_the_grid_triangle_9x9_semitri,
          minmay_the_grid_triangle_9x9_steps,
          minmay_the_grid_triangle_9x9_swiss_cheese], layout_cave_pools,
          serial_shops, kennysheep_mini, uniq_harold
Temple:   hc_temple_tempest_star

Skill      XL: |  1  2  3  4  5  6  7  8  9 |
---------------+----------------------------+-----
Spellcasting   | 3 4 5 7 8 |  8.2
Conjurations   | 4 5 6 7 8 |  8.5
Fighting       | 1 2 3 4 5 |  5.1
Shields        | 1 2 3 4 |  4.1
Translocations | 2 |  2.8
Armour         | 1 |  1.8
Dodging        | |  1.5
Stealth        | |  1.5

Action                   |  1- 3 |  4- 6 |  7- 9 || total
-------------------------+-------+-------+-------++-------
Melee: Dagger            |    28 |    10 |       ||    38
       War axe           |       |    15 |    53 ||    68
       Short sword       |       |       |    28 ||    28
 Cast: Magic Dart        |    74 |    17 |    31 ||   122
       Searing Ray       |     2 |    22 |    90 ||   114
Invok: Curse Item        |       |       |     1 ||     1
 Abil: Evoke Flight      |       |       |     1 ||     1
  Use: Scroll            |       |       |    10 ||    10
 Stab: Sleeping          |       |       |     2 ||     2
Armor: Robe              |    24 |     3 |    49 ||    76
Dodge: Dodged            |    47 |    35 |   139 ||   221
Block: Buckler           |       |       |     9 ||     9

Table legend:
 A = Non-vault XP
 B = Vault XP
 C = Vault XP percentage of total XP
 D = Non-vault monster count
 E = Vault monster count
 F = Vault count percentage of total count
                 A         B        C        D         E       F
            +---------+---------+-------+---------+---------+-------
      Total |    3291 |    2005 |  37.9 |     126 |      41 |  24.6
            +---------+---------+-------+---------+---------+-------
        D:1 |      45 |       0 |   0.0 |      25 |       0 |   0.0
        D:2 |      13 |       0 |   0.0 |       8 |       0 |   0.0
        D:3 |     103 |     229 |  69.0 |      17 |       2 |  10.5
        D:4 |     306 |       0 |   0.0 |      14 |       0 |   0.0
        D:5 |     920 |     197 |  17.6 |      17 |       1 |   5.6
        D:6 |     637 |     702 |  52.4 |      13 |       8 |  38.1
        D:7 |     857 |     387 |  31.1 |      19 |       2 |   9.5
        D:8 |     410 |       0 |   0.0 |      13 |       0 |   0.0
      Sewer |       0 |     490 | 100.0 |       0 |      28 | 100.0
            +---------+---------+-------+---------+---------+-------
